 Dungeon Crawl Stone Soup version 0.29-a0-330-g52719c12eb (webtiles) character file.

Game seed: 7792504431787336703

700 Hubjo the Sneak (level 7, -9/41 HPs)
             Began as a Gargoyle Earth Elementalist on Apr 12, 2022.
             Was a Believer of Nemelex Xobeh.
             Mangled by an ogre
             ... wielding a +0 giant spiked club
              (24 damage)
             ... on level 5 of the Dungeon.
             The game lasted 00:10:15 (5925 turns).

Hubjo the Sneak (Gargoyle Earth Elementalist)       Turns: 5925, Time: 00:10:21

Health: -9/41      AC:  6    Str: 13    XL:     7   Next: 65%
Magic:  11/11      EV: 11    Int: 27    God:    Nemelex Xobeh [**....]
Gold:   169        SH:  0    Dex: 10    Spells: 11/12 levels left

rFire   . . .      SeeInvis +   o - +8 dagger of Ancient Evil {freeze, Str+2}
rCold   + + .      Faith    .   s - orb {*channel}
rNeg    + . .      Spirit   .   p - +0 robe of Paranoia {rC+ Int+7}
rPois   ∞          Reflect  .   (no helmet)
rElec   +          Harm     .   (no cloak)
rCorr   .          Rampage  .   (no gloves)
Will    .....                   (no boots)
Stlth   +++.......              (no amulet)
HPRegen 0.13/turn               h - ring of protection from cold
MPRegen 0.12/turn               q - ring of see invisible

@: no status effects
A: sickness immunity, AC +4, negative energy resistance 1, electricity
resistance, torment resistance 1, petrification resistance, clever 1, wild magic
1
a: Renounce Religion, Draw Escape, Draw Destruction, Draw Summoning


You were on level 5 of the Dungeon.
You worshipped Nemelex Xobeh.
Nemelex Xobeh was pleased with you.
You visited 1 branch of the dungeon, and saw 5 of its levels.

You collected 169 gold pieces.

Inventory:

Hand Weapons
 f - a +3 dire flail of pain
 o - the +8 dagger of Ancient Evil (weapon) {freeze, Str+2}
   (You found it on level 2 of the Dungeon)

   It freezes those it strikes, dealing additional cold damage.
   It can also slow down cold-blooded creatures.
   Str:       It affects your strength (+2).
Missiles
 a - 145 stones (quivered)
 u - a throwing net
Armour
 b - a +0 robe
 n - a +0 chain mail
 p - the +0 robe of Paranoia (worn) {rC+ Int+7}
   (You found it on level 4 of the Dungeon)

   Int:       It affects your intelligence (+7).
   rC:        It protects you from cold.
 s - an orb of energy (worn)
Jewellery
 h - a ring of protection from cold (left hand)
 q - a ring of see invisible (right hand)
Wands
 t - a wand of acid (5)
 x - a wand of mindburst (14)
Scrolls
 d - a scroll of enchant weapon
 e - 4 scrolls of amnesia
 g - a scroll of noise
 i - a scroll of teleportation {unknown}
 j - a scroll of blinking
 l - 3 scrolls of fear
 m - a scroll of silence {unknown}
 r - 2 scrolls of holy word
 w - a scroll of acquirement {unknown}
 y - a scroll of summoning {unknown}
Potions
 c - a potion of magic
 k - a potion of curing {unknown}


   Skills:
 + Level 3.3 Fighting
 + Level 2.0 Short Blades
 - Level 1.5 Dodging
 * Level 5.3 Stealth
 + Level 3.2 Spellcasting
 + Level 2.3 Transmutations
 + Level 4.9 Earth Magic
 + Level 2.3 Invocations


You had 11 spell levels left.
You knew the following spells:

 Your Spells              Type           Power      Damage    Failure   Level
a - Sandblast             Erth           80%        2d17      2%          1

Your spell library contained the following spells:

 Spells                   Type           Power      Damage    Failure   Level
 Passwall                 Tmut/Erth      25%        N/A       5%          2
 Stone Arrow              Conj/Erth      46%        3d9       14%         3
 Petrify                  Tmut/Erth      31%        N/A       26%         4


Dungeon Overview and Level Annotations

Branches:
Dungeon (5/15)
 Temple: D:4-7

Altars:
Nemelex Xobeh


Innate Abilities, Weirdness & Mutations

You are immune to sickness and miasma.
Your stone body is resilient. (AC +4)
You are immune to poison.
You resist negative energy. (rN+)
You are resistant to electric shocks. (rElec)
You are resistant to unholy torment.
You are immune to petrification.
Your mind is acute. (Int +2)
Your spells are a little harder to cast, but a little more powerful.


Message History

You impale the hound!! You freeze the hound.
You kill the hound!
No target in view!
There is a stone staircase leading down here.
An ogre comes into view. It is wielding a +0 giant spiked club.
You see here a scroll labelled UMMIOH QANAS.
An ogre is nearby!
An ogre is nearby!
An ogre is nearby!
Found a long sword.
The ogre shouts!
The ogre misses you.
You hit the ogre. You freeze the ogre.
The ogre is lightly wounded.
The ogre hits you with a +0 giant spiked club!
You hit the ogre. You freeze the ogre.
The ogre is moderately wounded.
You hit the ogre. You freeze the ogre.
The ogre is heavily wounded.
The ogre hits you with a +0 giant spiked club!
You are too injured to fight recklessly!
You are too injured to fight recklessly!
You are too injured to fight recklessly!
You are too injured to fight recklessly!
You draw a card...
You have drawn the Tomb.
Walls emerge from the floor!
The deck of cards disappears without a trace.
The ogre barely misses you.
You draw a card...
You have drawn Vitriol.
Press: ? - help, Shift-Dir - straight line, f - ogre
Aim: an ogre, wielding a +0 giant spiked club (heavily wounded)
The bolt of acid hits the ogre!
The acid corrodes the ogre!
The ogre is almost dead.
You draw a card...
You have drawn Wild Magic.
Waves of light ripple over the ogre's body.
The ogre twists and deforms.
You feel a surge of magic.
The ogre hits you with a +0 giant spiked club!!
Ouch! That really hurt!
You die...
Your body disappears without a glow.

## #. #.#.#. ...#..
#.#.#########
#............
#.#...#O.......
#.....#@#......
..#####.###......
)................
######.#############
#?>.....†......
#.................
....#.###..........##
.. ................#
.....###..........#


You could see an ogre (misshapen, corroded).

Vanquished Creatures
  Edmund (D:4)
  A sky beast (D:5)
  A bullfrog (D:4)
  A necrophage (D:4)
  A hound (D:5)
  Jessica (D:3)
  An iguana (D:4)
  11 adders
  8 gnolls
  3 worms
  2 dart slugs
  7 orcs (D:4)
  5 ball pythons
  13 endoplasms
  A giant cockroach (D:2)
  7 goblins
  8 hobgoblins
  3 jackals
  3 quokkas
  7 bats
  2 frilled lizards
  9 kobolds
  4 rats
100 creatures vanquished.

Notes
Turn   | Place    | Note
-------+----------+-------------------------------------------
     0 | D:1      | Hubjo the Gargoyle Earth Elementalist began the quest for
                  | the Orb.
     0 | D:1      | Reached XP level 1. HP: 10/10 MP: 3/3
   314 | D:1      | Reached XP level 2. HP: 10/16 MP: 5/5
   840 | D:1      | Reached skill level 1 in Fighting
  1046 | D:1      | Reached skill level 1 in Transmutations
  1755 | D:2      | Reached XP level 3. HP: 18/20 MP: 3/6
  1764 | D:2      | Gained mutation: Your spells are a little harder to cast,
                  | but a little more powerful. [potion of mutation]
  1764 | D:2      | Gained mutation: Your mind is acute. (Int +2) [potion of
                  | mutation]
  2154 | D:2      | Found a sparkling altar of Nemelex Xobeh.
  2218 | D:2      | Reached skill level 3 in Stealth
  2479 | D:2      | Became a worshipper of Nemelex Xobeh the Trickster
  2550 | D:2      | Reached XP level 4. HP: 18/26 MP: 5/7
  2786 | D:2      | Identified the +8 dagger of Ancient Evil {freeze, Str+2}
  3391 | D:3      | Reached * piety under Nemelex Xobeh
  3391 | D:3      | Found a faded altar of an unknown god.
  3411 | D:3      | Noticed Jessica
  3415 | D:3      | Killed Jessica
  3416 | D:3      | Reached XP level 5. HP: 31/31 MP: 8/8
  3463 | D:3      | Reached skill level 1 in Short Blades
  3710 | D:3      | Received a gift from Nemelex Xobeh
  4264 | D:4      | Reached skill level 4 in Stealth
  4264 | D:4      | Reached skill level 1 in Invocations
  4264 | D:4      | Reached XP level 6. HP: 36/36 MP: 8/10
  5175 | D:4      | Reached XP level 7. HP: 32/41 MP: 11/11
  5186 | D:4      | Identified the +0 robe of Paranoia {rC+ Int+7}
  5331 | D:4      | Reached ** piety under Nemelex Xobeh
  5430 | D:4      | Noticed Edmund
  5453 | D:4      | Killed Edmund
  5454 | D:4      | Reached skill level 5 in Stealth
  5661 | D:4      | Received a gift from Nemelex Xobeh
  5903 | D:5      | Entered Level 5 of the Dungeon
  5925 | D:5      | Mangled by an ogre

Illustrated notes

Levels and vault maps discovered:
D:1:      onia_arrival_handbag, layout_loops_ring, minmay_hexomino_f4
D:2:      layout_basic, basic_altar, roderic_serpentine_path, minivault_25,
          st_stairs_8, hangedman_decor_growths, minmay_fractal_squares_gapless_5
D:3:      layout_basic, shapermc_ecumenical_altar_mp_ritualfount,
          hangedman_decor_points, minivault_11, uniq_jessica
D:4:      minmay_skewed_foursquare, layout_gridville, uniq_edmund
D:5:      cheibrodos_quashed, layout_basic, chequers_ossuary_entry_cave

Skill      XL: |  1  2  3  4  5  6  7 |
---------------+----------------------+-----
Fighting       | 1 2 3 |  3.3
Transmutations | 1 2 |  2.3
Stealth        | 3 4 5 |  5.3
Earth Magic    | 4 |  4.9
Short Blades   | 1 2 |  2.0
Invocations    | 1 2 |  2.3
Spellcasting   | 3 |  3.2
Dodging        | |  1.5

Action                   |  1- 3 |  4- 6 |  7- 9 || total
-------------------------+-------+-------+-------++-------
Melee: Unarmed           |   171 |    46 |       ||   217
       Punch             |     1 |       |       ||     1
       Dagger            |       |   119 |    35 ||   154
Throw: Throwing net      |       |       |     2 ||     2
 Cast: Sandblast         |    14 |    12 |     1 ||    27
Invok: Draw Destruction  |       |       |     2 ||     2
       Draw Escape       |       |       |     1 ||     1
Evoke: Wand              |       |       |     3 ||     3
  Use: Scroll            |     4 |     5 |       ||     9
       Potion            |     2 |     7 |       ||     9
 Stab: Sleeping          |     8 |     8 |     2 ||    18
Armor: Robe              |    54 |    48 |    10 ||   112
       Skin              |       |     7 |       ||     7
Dodge: Dodged            |   113 |    90 |    24 ||   227

Table legend: (Time is in decaauts)
 A = Elapsed time spent in this place.
 B = Non-inter-level travel time spent in this place.
 C = Inter-level travel time spent in this place.
 D = Time resting spent in this place.
 E = Time spent auto-exploring this place.
 F = Levels seen in this place.
 G = Mean time per level.
                   A        B        C        D        E       F      G
               +--------+--------+--------+--------+--------+-----+--------+
         Total |   5884 |   5792 |     92 |    524 |   4402 |   5 | 1176.8 |
       Dungeon |   5884 |   5792 |     92 |    524 |   4402 |   5 | 1176.8 |
               +--------+--------+--------+--------+--------+-----+--------+

Top non-repeatable levels by time:
     D:1: 1736 daAuts
     D:2: 1574 daAuts
     D:4: 1488 daAuts
     D:3: 1063 daAuts
     D:5: 21 daAuts
